cohdb
Replays
Latest Replays
All Replays
Popular Replays
Top Player Replays
Match Explorer
How It Works
Community
CoH3 Stats
Reddit
Sign in to upload your games and track your stats! →
Sign in with Steam
Match 43728484
Unlisted
Match 43728484
Overview
Messages
Build Orders
End
Panzergrenadier Squad
250 Light Carrier
Construct Light Support Kompanie
MG34 Team
Selects Panzerjäger Kommand Battlegroup
Selects Blockade Equipment
Selects GrB 39 Grenade Launcher Requisition
Panzerjäger Squad
2.5-tonne Medical Truck
Assault Mechanized Group
Construct Mechanized Kompanie
254 Reconnaissance Tractor
Support Armor Elements
Selects Early Warning
Selects Butterfly Bomb Drop
Marder III Tank Destroyer
le.IG 18 Mechanized Group
Veteran Squad Leaders
Advanced Optics
Butterfly Bomb Drop
Yolly
Sakke
Π
audreyserpent8578
Serial Chiller
Orcinus orca
WSSEichenLaub
1131140351
0
0
Comments
sign in to comment!
No comments posted yet!